 Dungeon Crawl Stone Soup version 0.17-a0-1829-g68572c6 (webtiles) character file.

59 Rationalist the Shield-Bearer (level 4, -2/37 HPs)
             Began as a Formicid Fighter on Sept 13, 2015.
             Succumbed to poison (a potion of poison)
             ... on level 3 of the Dungeon.
             The game lasted 00:03:42 (2210 turns).

Rationalist the Shield-Bearer (Formicid Fighter)    Turns: 2210, Time: 00:03:42

Health: -2/37      AC:  7    Str: 21    XL:     4   Next: 22%
Magic:  4/4        EV:  8    Int: 12    God:
Gold:   110        SH:  9    Dex: 11    Spells: 0 memorised, 3 levels left

rFire  . . .     SeeInvis +     a - +0 war axe
rCold  . . .     Clarity  .     b - +0 scale mail
rNeg   . . .     SustAt   .     c - +0 shield
rPois  .         Gourm    .     (helmet unavailable)
rElec  .         Spirit   .     (no cloak)
rCorr  .         Warding  .     (no gloves)
rMut   .         Stasis   +     (no boots)
MR     .....                    (no amulet)
Stlth  ..........               (no ring)
                                (no ring)

@: brilliant, lethally poisoned (-2 -> -34), not resistant to hostile
enchantments, extremely unstealthy
A: permanent stasis, dig shafts and tunnels, four strong arms, antennae 3
a: Dig, Shaft Self


You were on level 3 of the Dungeon.
You were hungry.

You visited 1 branch of the dungeon, and saw 3 of its levels.

You collected 110 gold pieces.

Inventory:

Hand weapons
 a - a +0 war axe (weapon)
Missiles
 r - 26 sling bullets
 s - 14 poisoned needles
 t - 4 steel javelins (quivered)
Armour
 b - a +0 scale mail (worn)
 c - a +0 shield (worn)
Magical devices
 o - a wand of random effects (15)
 q - a wand of teleportation (6)
Scrolls
 f - a scroll of teleportation {unknown}
 g - 2 scrolls of enchant weapon {unknown}
 h - a scroll of enchant armour {unknown}
 i - 2 scrolls of noise {unknown}
 j - 3 scrolls of identify {unknown}
 k - 2 scrolls of remove curse {unknown}
 n - a scroll of recharging {unknown}
 u - a scroll of fear {unknown}
Potions
 d - 2 potions of might
 p - a potion of poison
Comestibles
 e - 2 bread rations
 l - 2 fruits
 v - a slice of pizza
 x - a chunk of flesh


   Skills:
 + Level 3.8 Fighting
 + Level 2.2 Axes
 + Level 4.0 Armour
 + Level 0.3 Dodging
 + Level 4.3 Shields


You had 3 spell levels left.
You didn't know any spells.

Dungeon Overview and Level Annotations

Branches:
Dungeon (3/15)

Altars:
Cheibriados


Innate Abilities, Weirdness & Mutations

You are under a permanent stasis effect.
You can dig through walls and to a lower floor.
Your four strong arms can wield two-handed weapons with a shield.
You have a pair of large antennae on your head (SInv).


Message History

That liquid tasted very nasty...
You are more poisoned.
* * * LOW HITPOINT WARNING * * *
You feel very sick. You block the kobold's attack.
Drink which item? (? for menu, Esc to quit)
It was a potion of magic.
Magic courses through your body.
* * * LOW HITPOINT WARNING * * *
You feel very sick.
The kobold hits you with an uncursed short sword.
* * * LOW HITPOINT WARNING * * *
Use which ability?
Are you sure you want to shaft yourself? [Y]es or [N]o only, please.
Are you sure you want to shaft yourself?
You are feeling hungry.
* * * LOW HITPOINT WARNING * * *
You feel very sick. The kobold barely misses you.
You begin to dig a shaft.
You continue digging a shaft.
You die...

..# ..
..###.########
..#.<........#
.............#
. #..........#
..#..........#
##.<..K@....>#
.......†..>..##
.##....(.......
.######.######.
.......÷#
######..# #..##
#...#######.
#...........


You could see a kobold.

Vanquished Creatures
  An adder (D:2)
  An ooze (D:2)
  A giant gecko (D:2)
  A ball python (D:3)
  2 bats
  2 giant cockroaches (D:1)
  8 goblins
  7 hobgoblins
  7 kobolds
  A quokka (D:3)
  2 giant newts
  7 jackals
  3 rats
43 creatures vanquished.

Notes
Turn   | Place    | Note
--------------------------------------------------------------
     0 | D:1      | Rationalist the Formicid Fighter began the quest for the Orb.
     0 | D:1      | Reached XP level 1. HP: 18/18 MP: 1/1
   140 | D:1      | Reached XP level 2. HP: 16/24 MP: 2/2
   509 | D:1      | Reached skill level 4 in Shields
  1021 | D:1      | Reached XP level 3. HP: 29/29 MP: 3/3
  2051 | D:3      | Reached XP level 4. HP: 37/37 MP: 4/4
  2143 | D:3      | Found a snail-covered altar of Cheibriados.
  2209 | D:3      | HP: 1/37 [poison (a potion of poison)]
  2210 | D:3      | Succumbed to poison (a potion of poison)

Vault maps used:
D:1:      eino_arrival_cavern_a
D:2:      kennysheep_big_flooded_room
D:3:      overflow_temple_1_default, lemuel_blue_sif_altar

Action                   |  1- 3 |  4- 6 || total
-------------------------+-------+-------++-------
Melee: War axe           |    94 |    24 ||   118
 Abil: Dig               |    15 |     1 ||    16
       Shaft Self        |       |     1 ||     1
  Use: Potion            |       |     3 ||     3
  Eat: Chunk             |     3 |     1 ||     4
       Fruit             |     2 |       ||     2
       Pizza             |     1 |       ||     1
